 Dungeon Crawl Stone Soup version 0.30.1 (webtiles) character file.

Game seed: 5277874696454772852

1954 Heoruswealwe the Thaumaturge (level 8, 0/41 HPs)
             Began as a Deep Elf Summoner on July 3, 2023.
             Was an Initiate of Gozag.
             Shot with an arrow by a centaur (9 damage)
             ... on level 6 of the Dungeon on July 5, 2023.
             The game lasted 01:43:07 (6160 turns).

Heoruswealwe the Thaumaturge (Deep Elf Summoner)    Turns: 6160, Time: 01:43:08

Health: 0/41       AC:  4    Str:  5    XL:     8   Next: 99%
Magic:  22/25      EV: 12    Int: 23    God:    Gozag
Gold:   392        SH:  0    Dex: 15    Spells: 16/29 levels left

rFire   . . .        b - +4 battleaxe (freeze)
rCold   . . .        (shield currently unavailable)
rNeg    . . .        c - +0 robe
rPois   .            (no helmet)
rElec   .            (no cloak)
rCorr   .            f - +0 pair of gloves
SInv    .            e - +0 pair of boots
Will    .....        (no amulet)
Stlth   ++           (no ring)
HPRegen 0.26/turn    (no ring)
MPRegen 0.19/turn

%: no passive effects
@: no status effects
A: no striking features
a: Renounce Religion, Potion Petition, Call Merchant, Bribe Branch


You were on level 6 of the Dungeon.
You worshipped Gozag.
Gozag was aware of your devotion.
You visited 2 branches of the dungeon, and saw 7 of its levels.
You also visited: Ossuary.

You collected 478 gold pieces.
You paid 86 gold pieces to Gozag.

Inventory:

Hand Weapons
 b - a +4 battleaxe of freezing (weapon)
Armour
 c - a +0 robe (worn)
 e - a +0 pair of boots (worn)
 f - a +0 pair of gloves (worn)
 r - a +0 robe
Magical Staves
 q - a staff of earth
Wands
 D - a wand of mindburst (17)
Scrolls
 g - a scroll of vulnerability {unknown}
 h - a scroll of brand weapon {unknown}
 i - a scroll of amnesia {unknown}
 j - 3 scrolls of blinking {unknown}
 k - a scroll of enchant armour {unknown}
 m - 2 scrolls of butterflies {unknown}
 n - 3 scrolls of identify {unknown}
 p - 5 scrolls of enchant weapon {unknown}
 s - a scroll of acquirement {unknown}
 t - 4 scrolls of poison {unknown}
 v - 2 scrolls of teleportation {unknown}
 x - 2 scrolls of torment {unknown}
 y - a scroll of immolation {unknown}
 E - 3 scrolls of silence {unknown}
 F - a scroll of noise {unknown}
Potions
 a - 2 potions of brilliance {unknown}
 d - a potion of heal wounds {unknown}
 l - 2 potions of invisibility {unknown}
 o - a potion of lignification {unknown}
 u - 2 potions of haste {unknown}
 w - 3 potions of mutation {unknown}
 z - a potion of attraction {unknown}
 A - 2 potions of might {unknown}
 B - 2 potions of flight {unknown}
 C - a potion of berserk rage {unknown}
 L - a potion of magic


   Skills:
 - Level 2.4 Dodging
 - Level 2.4 Stealth
 + Level 11.2 Spellcasting
 + Level 10.1 Summonings


You had 16 spell levels left.
You knew the following spells:

 Your Spells              Type           Power      Damage    Failure   Level
a - Summon Small Mammal   Summ           100%       N/A       1%          1
b - Call Imp              Summ           100%       N/A       1%          2
c - Call Canine Familiar  Summ           56%        N/A       1%          3
d - Summon Guardian Gole  Hex/Summ       36%        N/A       1%          3
e - Summon Lightning Spi  Summ/Air       36%        N/A       6%          4

Your spell library contained the following spells:

 Spells                   Type           Power      Damage    Failure   Level


Dungeon Overview and Level Annotations

Branches:
Dungeon (6/15)             Temple (1/1) D:5         Ossuary (visited)

Altars:
Ashenzari
Cheibriados
Elyvilon
Fedhas
Gozag
Nemelex Xobeh
Okawaru
Qazlal
Ru
Sif Muna
Trog
Vehumet
Wu Jian
Xom
Yredelemnul
Zin
The Shining One


Message History

Your wolf is burned by acid!
The jelly closely misses your wolf.
Your wolf bites the jelly!
The jelly dies!
You swap places.
You now have 370 gold pieces (gained 7).
You now have 377 gold pieces (gained 7).
You swap places.
You swap places.
Found 15 gold pieces.
You now have 392 gold pieces (gained 15).
A centaur comes into view.
The centaur shouts!
The centaur wields a +0 shortbow.
The centaur shoots an arrow.
The arrow hits you!
You hear a shout!
You swap places.
The centaur shoots an arrow.
The arrow hits your wolf!
The centaur shoots an arrow.
The arrow misses your wolf. The arrow completely misses you.
A centaur comes into view.
Your wolf barely misses the centaur.
The centaur wields a +0 shortbow.
The centaur shoots an arrow.
The arrow hits your wolf!
Your wolf dies!
Your wolf's corpse disappears in a puff of smoke!
The centaur shoots an arrow.
The arrow hits you!
You are too injured to fight recklessly!
Casting: Call Canine Familiar (safe; 1% risk of failure)
Confirm with . or Enter, or press ? or * to list all spells.
The centaur shoots an arrow.
The arrow hits your wolf!
The centaur shoots an arrow.
The arrow hits your wolf!
The centaur shoots an arrow.
The arrow hits your wolf!
Your wolf dies!
Your wolf's corpse disappears in a puff of smoke!
The centaur shoots an arrow.
The arrow hits you!
* * * LOW HITPOINT WARNING * * *
You feel better.
The centaur shoots an arrow.
The arrow hits you!
* * * LOW HITPOINT WARNING * * *
The centaur shoots an arrow.
The arrow hits you!
You die...
Your body crumbles into a pile of gold.

### .....##########
...c..§.@.....###########
...c§######.............#
... #...#########.# .
##### #.# ##.# ##...
####.#.# #....... $
...##.#.#


You could see 2 centaurs.

Vanquished Creatures (collateral kills)
  Grinder (D:5)
  2 black bears
  A centaur (D:5)
  A phantom (D:5)
  A bullfrog (D:6)
  3 scorpions
  3 wights (D:5)
  A human zombie (Ossuary)
  3 hounds
  3 centaur zombies (Ossuary)
  A jelly (D:6)
  3 orc priests
  A gnoll bouda (D:6)
  4 iguanas
  A sleepcap (D:4)
  3 orc wizards
  2 ogre zombies (Ossuary)
  7 mummies (Ossuary)
  10 gnolls
  7 adders
  A shadow imp (D:5)
  6 adder zombies (Ossuary)
  3 worms
  3 dart slugs
  18 orcs
  11 ball pythons
  6 endoplasms
  A giant cockroach (D:4)
  9 goblins
  13 hobgoblins
  10 jackals
  13 kobolds
  6 quokkas
  6 bats
  5 frilled lizards
  A gnoll zombie (Ossuary)
  2 goblin zombies (Ossuary)
  A hobgoblin zombie (Ossuary)
  6 kobold zombies (Ossuary)
  3 quokka zombies (Ossuary)
  4 rats
  5 rat zombies (Ossuary)
191 creatures vanquished.

Vanquished Creatures (others)
  A giant cockroach (D:4)
1 creature vanquished.

Grand Total: 192 creatures vanquished

Notes
Turn   | Place    | Note
-------+----------+-------------------------------------------
     0 | D:1      | Heoruswealwe the Deep Elf Summoner began the quest for the
                  | Orb.
     0 | D:1      | Reached XP level 1. HP: 10/10 MP: 6/6
   115 | D:1      | Reached XP level 2. HP: 15/15 MP: 8/8
   118 | D:1      | Learned a level 2 spell: Call Imp
   648 | D:1      | Reached skill level 4 in Spellcasting
   648 | D:1      | Reached skill level 5 in Summonings
   648 | D:1      | Reached XP level 3. HP: 17/19 MP: 3/10
   652 | D:1      | Learned a level 3 spell: Call Canine Familiar
   656 | D:1      | Learned a level 3 spell: Summon Guardian Golem
  1337 | D:2      | Reached XP level 4. HP: 24/24 MP: 8/12
  1637 | D:2      | Reached skill level 5 in Spellcasting
  1976 | D:2      | Learned a level 4 spell: Summon Lightning Spire
  2299 | D:3      | Found a faded altar of an unknown god.
  2388 | D:3      | Reached XP level 5. HP: 28/28 MP: 11/14
  2854 | D:4      | Noticed a black bear
  2878 | D:4      | Killed a black bear
  2879 | D:4      | Reached skill level 6 in Spellcasting
  2879 | D:4      | Reached XP level 6. HP: 32/32 MP: 5/17
  3071 | D:4      | Reached skill level 7 in Spellcasting
  3145 | D:4      | Found a shimmering altar of Xom.
  3296 | D:4      | Found a shimmering blue altar of Sif Muna.
  3296 | D:4      | Found a stormy altar of Qazlal.
  3331 | D:4      | Reached XP level 7. HP: 36/36 MP: 16/19
  3677 | D:4      | Identified the +1 leather armour "Weozuiba" {Int+2}
  4083 | D:5      | Entered Level 5 of the Dungeon
  4099 | D:5      | Reached skill level 8 in Spellcasting
  4112 | D:5      | Found a staircase to the Ecumenical Temple.
  4122 | D:5      | Noticed Grinder
  4139 | D:5      | Killed Grinder
  4155 | D:5      | Found a sand-covered staircase.
  4167 | D:5      | Reached skill level 9 in Spellcasting
  4167 | D:5      | Reached XP level 8. HP: 41/41 MP: 19/23
  4183 | Ossuary  | Entered an ossuary
  4775 | D:5      | Reached skill level 10 in Spellcasting
  4877 | Temple   | Entered the Ecumenical Temple
  4948 | Temple   | Became a worshipper of Gozag Ym Sagoz the Greedy
  5449 | D:5      | Found a sacrificial altar of Ru.
  5823 | D:6      | Reached skill level 11 in Spellcasting
  5828 | D:6      | Reached skill level 10 in Summonings
  6160 | D:6      | Shot with an arrow by a centaur

Illustrated notes

Levels and vault maps discovered:
D:1:      saegor_arrival_simple_e, layout_loops_ring,
          hangedman_abyss_or_decor_stabs, minmay_indecisive_spiral
D:2:      cheibrodos_old_hovel, layout_loops_corners,
          hangedman_decor_diamond_cutter
D:3:      minmay_skewed_foursquare, layout_rooms,
          chequers_ecumenical_altar_simple
D:4:      layout_gridville, xom_confusion_cloud,
          mainiacjoe_overflow_divided_tiny, minmay_fractal_squares_5
D:5:      layout_rooms, nicolae_ru_the_path_less_chosen,
          minmay_temple_entry_glassed_door, enter_ossuary_2, chequers_avenue,
          interstate_on_off, nicolae_titane, uniq_grinder
D:6:      layout_loops_ring
Temple:   nicolae_temple_god_jail

Skill      XL: |  1  2  3  4  5  6  7  8 |
---------------+-------------------------+-----
Spellcasting   | 4 5 6 7 9 11 | 11.2
Summonings     | 5 6 7 8 10 | 10.1
Dodging        | |  2.4
Stealth        | |  2.4

Action                     |  1- 3 |  4- 6 |  7- 9 || total
---------------------------+-------+-------+-------++-------
  Melee: Unarmed           |     6 |    12 |    16 ||    34
   Cast: Summon Small Mamm |    25 |     1 |       ||    26
         Call Canine Famil |     6 |    23 |    26 ||    55
         Summon Lightning  |       |     2 |       ||     2
    Use: Potion            |       |     2 |     3 ||     5
 Armour: Robe              |    13 |    17 |    12 ||    42
  Dodge: Dodged            |    35 |    31 |    34 ||   100
